 Dungeon Crawl Stone Soup version 0.29.1-15-g9cfb28693d (webtiles) character file.

Game seed: 13466568239022934097

1268 Dillmonsterx101 the Cleaver (level 8, -4/69 HPs)
             Began as a Minotaur Fighter on Mar 23, 2023.
             Slain by an orc warrior
             ... wielding a +0 halberd
              (19 damage)
             ... on level 6 of the Dungeon.
             The game lasted 00:16:58 (6749 turns).

Dillmonsterx101 the Cleaver (Minotaur Fighter)      Turns: 6749, Time: 00:16:59

Health: -4/69      AC: 11    Str: 28    XL:     8   Next: 28%
Magic:  7/7        EV: 10    Int: 11    God:
Gold:   316        SH:  5    Dex: 12    Spells: 7/7 levels left

rFire   . . .      SeeInvis .   a - +0 war axe
rCold   . . .      Faith    .   c - +0 buckler
rNeg    . . .      Spirit   .   C - +1 scale mail of the Sea {+Inv Will- Str+5 Dex+2}
rPois   +          Reflect  .   (helmet restricted)
rElec   .          Harm     .   u - +0 cloak {rPois}
rCorr   .          Rampage  .   (no gloves)
Will    .....                   w - +0 pair of boots
Stlth   ..........              (no amulet)
HPRegen 0.21/turn               i - +6 ring of intelligence
MPRegen 0.10/turn               f - ring of poison resistance

@: no status effects
A: horns 2, retaliatory headbutt
a: Evoke Invisibility


You were on level 6 of the Dungeon.
You visited 1 branch of the dungeon, and saw 6 of its levels.

You collected 316 gold pieces.

Inventory:

Hand Weapons
 a - a +0 war axe (weapon)
 t - a +2 quarterstaff of chaos
Missiles
 A - a throwing net (quivered)
Armour
 b - a +0 scale mail
 c - a +0 buckler (worn)
 u - a +0 cloak of poison resistance (worn)
 w - a +0 pair of boots (worn)
 C - the +1 scale mail of the Sea (worn) {+Inv Will- Str+5 Dex+2}
   (You found it on level 5 of the Dungeon)

   Str:       It affects your strength (+5).
   Dex:       It affects your dexterity (+2).
   +Inv:      It lets you turn invisible.
   Will:      It decreases your willpower.
Magical Staves
 m - a staff of conjuration
Jewellery
 f - a ring of poison resistance (right hand)
 i - a +6 ring of intelligence (left hand)
 F - a ring of protection from fire
Wands
 D - a wand of paralysis (12)
Scrolls
 e - a scroll of magic mapping {unknown}
 h - 11 scrolls of identify {unknown}
 o - a scroll of enchant armour {unknown}
 q - a scroll of butterflies {unknown}
 r - 2 scrolls of enchant weapon {unknown}
 s - 2 scrolls of silence {unknown}
 v - 3 scrolls of blinking {unknown}
 x - a scroll of noise {unknown}
 y - a scroll of vulnerability {unknown}
 z - a scroll of fear {unknown}
 G - a scroll of brand weapon {unknown}
Potions
 d - a potion of might
 g - 2 potions of lignification {unknown}
 j - a potion of berserk rage {unknown}
 k - a potion of magic {unknown}
 l - 3 potions of brilliance {unknown}
 n - 2 potions of attraction {unknown}
 B - a potion of ambrosia {unknown}
 E - 2 potions of heal wounds {unknown}


   Skills:
 + Level 5.5 Fighting
 + Level 8.1 Axes
 + Level 7.1 Armour
 + Level 2.6 Dodging
 + Level 0.6 Stealth
 + Level 5.3 Shields


You had 7 spell levels left.
You didn't know any spells.
Your spell library contained the following spells:

 Spells                   Type           Power      Damage    Failure   Level
 Apportation              Tloc           0%         N/A       67%         1
 Necrotise                Necr           0%         1d4       67%         1
 Summon Small Mammal      Summ           0%         N/A       67%         1
 Confusing Touch          Hex            0%         N/A       95%         3
 Stone Arrow              Conj/Erth      0%         3d7       95%         3
 Tukima's Dance           Hex            0%         N/A       95%         3
 Animate Armour           Summ/Erth      0%         N/A       100%        4
 Passage of Golubria      Tloc           0%         N/A       100%        4
 Summon Forest            Summ/Tloc      0%         N/A       100%        5
 Yara's Violent Unravell  Hex/Tmut       0%         3d3       100%        5
 Eringya's Noxious Bog    Tmut/Pois      0%         N/A       100%        6
 Enfeeble                 Hex            0%         N/A       100%        7
 Summon Hydra             Summ           0%         N/A       100%        7
 Lehudib's Crystal Spear  Conj/Erth      0%         10d2      100%        8


Dungeon Overview and Level Annotations

Branches:
Dungeon (6/15)             Temple (0/1) D:5

Altars:
Trog
Wu Jian
The Shining One

Shops:
D:1 [   D:3 *


Innate Abilities, Weirdness & Mutations

You have a pair of horns on your head.
You reflexively headbutt those who attack you in melee.


Message History

Your Armour skill increases to level 7!
You slash the orc!
You kill the orc!
The orc closely misses you.
The orc warrior hits you but does no damage.
The orc barely misses you. You furiously retaliate!
You headbutt the orc. The orc warrior misses you.
You see here a +0 hand axe.
You hit the orc but do no damage.
The orc is severely wounded.
You closely miss the orc warrior.
The orc warrior hits you with a +0 halberd.
The orc barely misses you.
You hit the orc but do no damage.
The orc is severely wounded.
You barely miss the orc warrior. The orc hits you with a +0 trident.
The orc warrior hits you with a +0 halberd! x2
You block the orc's attack.
You are too injured to fight recklessly!
You are too injured to fight recklessly!
You are too injured to fight recklessly!
You are too injured to fight recklessly!
You are too injured to fight recklessly!
You are too injured to fight recklessly!
You closely miss the orc. Your headbutt misses the orc.
The orc is severely wounded.
You hit the orc warrior. You block the orc warrior's attack.
The orc hits you but does no damage.
You slash the orc!
You kill the orc!
You closely miss the orc warrior.
The orc warrior hits you with a +0 halberd!
* * * LOW HITPOINT WARNING * * *
You hit the orc warrior.
The orc warrior is moderately wounded.
You block the orc warrior's attack.
You closely miss the orc warrior.
The orc warrior is moderately wounded.
The orc warrior hits you with a +0 halberd!!
You die...

.. ....... ..
....... ####.
....... ... .......
#.###### .....##
#)#<...# ####!...#
#.####.#
#....[o)####......#
#......@)..†#######
#....).).....#
#......)...?.#
#[[......?.........
#.......#####......
#...!...# ......
######### ......
####+#


You could see an orc warrior.

Vanquished Creatures
  2 sky beasts
  A centaur (D:5)
  4 scorpions
  A quasit (D:5)
  4 hounds
  Crazy Yiuf (D:3)
  A jelly (D:5)
  5 orc priests
  Natasha (thrice) (D:2)
  An iguana (D:5)
  2 orc wizards (D:5)
  13 adders
  A white imp (D:5)
  2 ufetubi
  A worm (D:3)
  3 dart slugs
  26 orcs
  5 bats
  8 endoplasms
  2 giant cockroaches (D:4)
  4 goblins
  7 hobgoblins
  2 jackals (D:3)
  4 quokkas
  2 ball pythons (D:2)
  3 frilled lizards
  A goblin skeleton (D:5)
  2 goblin zombies (D:5)
  3 hobgoblin zombies (D:5)
  5 kobolds
  A kobold zombie (D:5)
  2 orc skeletons (D:5)
  An orc zombie (D:5)
  7 rats
130 creatures vanquished.

Vanquished Creatures (others)
  3 fungi (D:3)
3 creatures vanquished.

Grand Total: 133 creatures vanquished

Notes
Turn   | Place    | Note
-------+----------+-------------------------------------------
     0 | D:1      | Dillmonsterx101 the Minotaur Fighter began the quest for
                  | the Orb.
     0 | D:1      | Reached XP level 1. HP: 19/19 MP: 0/0
   307 | D:1      | Reached XP level 2. HP: 27/27 MP: 1/1
   530 | D:1      | Found Zegar's Antique Armour Shop.
   694 | D:1      | Found a faded altar of an unknown god.
  1008 | D:2      | Noticed Natasha
  1016 | D:2      | Killed Natasha
  1017 | D:2      | Reached skill level 3 in Axes
  1017 | D:2      | Reached XP level 3. HP: 24/33 MP: 2/2
  1589 | D:2      | Noticed Natasha
  1596 | D:2      | Killed Natasha
  1597 | D:2      | Reached XP level 4. HP: 14/40 MP: 3/3
  2065 | D:2      | Noticed Natasha
  2075 | D:2      | Killed Natasha
  2373 | D:3      | Reached XP level 5. HP: 42/47 MP: 4/4
  2478 | D:3      | Reached skill level 4 in Axes
  2761 | D:3      | Reached skill level 1 in Dodging
  2815 | D:3      | Reached skill level 5 in Armour
  2880 | D:3      | Found Utraaj's General Store.
  3433 | D:3      | Found a runed translucent door.
  3434 | D:3      | Noticed Crazy Yiuf
  3681 | D:3      | Killed Crazy Yiuf
  3682 | D:3      | Reached XP level 6. HP: 44/53 MP: 0/5
  4415 | D:4      | Reached skill level 5 in Axes
  4639 | D:4      | Found a bloodstained altar of Trog.
  4729 | D:5      | Entered Level 5 of the Dungeon
  4735 | D:5      | Reached XP level 7. HP: 50/60 MP: 6/6
  5005 | D:5      | Reached skill level 5 in Fighting
  5016 | D:5      | Found a staircase to the Ecumenical Temple.
  5076 | D:5      | Found a glowing golden altar of the Shining One.
  5081 | D:5      | Reached skill level 6 in Axes
  5093 | D:5      | Identified the +1 scale mail of the Sea {+Inv Will- Str+5
                  | Dex+2}
  5652 | D:5      | Reached skill level 7 in Axes
  5712 | D:5      | Found an ornate altar of the Wu Jian Council.
  5790 | D:5      | Noticed a spectral centipede
  5790 | D:5      | Noticed a spectral black mamba
  5790 | D:5      | Noticed a spectral cane toad
  5812 | D:5      | Reached skill level 5 in Shields
  6056 | D:5      | Reached XP level 8. HP: 68/68 MP: 7/7
  6715 | D:6      | Reached skill level 8 in Axes
  6749 | D:6      | Slain by an orc warrior

Illustrated notes

Levels and vault maps discovered:
D:1:      dpeg_chamrin_arrival_tetris, layout_loops_ring, serial_shops,
          nicolae_shop_window_shopping, shapermc_ecumenical_altar_notcrosses,
          kennysheep_minor_cross
D:2:      layout_loops_ring, kennysheep_generic_room_15, uniq_natasha
D:3:      layout_basic, serial_shops, nicolae_diamond_shop,
          minmay_stone_trees_small, uniq_crazy_yiuf_cottage
D:4:      layout_loops_ring, trog_hazing_becter
D:5:      layout_loops_ring, pdpol_wu_jian_five_deadly_venoms,
          nicolae_tso_besieged_by_evil, minmay_temple_entry_water_ring,
          kennysheep_small_square
D:6:      layout_basic, serial_shops, shop

Skill      XL: |  1  2  3  4  5  6  7  8 |
---------------+-------------------------+-----
Shields        | 4 5 |  5.3
Fighting       | 4 5 |  5.5
Axes           | 3 4 5 7 8 |  8.1
Armour         | 4 5 6 7 |  7.1
Dodging        | 1 2 |  2.6
Stealth        | |  0.6

Action                   |  1- 3 |  4- 6 |  7- 9 || total
-------------------------+-------+-------+-------++-------
Melee: War axe           |    55 |   135 |   149 ||   339
       Headbutt          |     7 |    27 |    15 ||    49
  Use: Potion            |       |       |     1 ||     1
Armor: Scale mail        |    29 |    60 |    89 ||   178
Dodge: Dodged            |    21 |    61 |    77 ||   159
Block: Buckler           |    19 |    21 |    25 ||    65
